 Dungeon Crawl Stone Soup version 0.23.0 (webtiles) character file.

Game seed: 10368962827421179813

244063 marthius the Warrior (level 18, -25/178 HPs)
             Began as a Minotaur Fighter on Feb 12, 2019.
             Was a High Priest of Makhleb.
             Killed from afar by a titan (48 damage)
             ... with a bolt of lightning
             ... on level 1 of the Vaults.
             The game lasted 03:37:36 (42821 turns).

marthius the Warrior (Minotaur Fighter)            Turns: 42821, Time: 03:37:37

Health: -25/178    AC: 28    Str: 26    XL:     18   Next: 72%
Magic:  27/27      EV: 17    Int:  5    God:    Makhleb [*****.]
Gold:   2630       SH: 19    Dex: 17    Spells: 14/17 levels left

rFire    + . .     SeeInvis .   R - +4 double sword (flame)
rCold    + . .     Gourm    .   c - +0 shield
rNeg     + . .     Faith    .   b - +0 pearl dragon scales
rPois    .         Spirit   .   (helmet restricted)
rElec    .         Reflect  +   t - +2 cloak
rCorr    .         Harm     .   w - +2 pair of gloves
MR       +....                  E - +2 pair of boots {Fly}
Stlth    ..........             y - amulet of Ephemeral Luck {Reflect Dex+4 SH+4}
HPRegen  0.39/turn              q - ring of protection from cold
MPRegen  0.20/turn              V - ring of protection from fire

@: no status effects
A: retaliatory headbutt, horns 2
}: 2/15 runes: barnacled, gossamer
a: Minor Destruction, Lesser Servant of Makhleb, Major Destruction, Greater
Servant of Makhleb, Renounce Religion, Evoke Flight


You were on level 1 of the Vaults.
You worshipped Makhleb.
Makhleb was extremely pleased with you.
You were not hungry.

You visited 7 branches of the dungeon, and saw 34 of its levels.
You also visited: Ice Cave.

You collected 3212 gold pieces.
You spent 582 gold pieces at shops.

Inventory:

Hand Weapons
 h - a +2 scimitar of flaming
 l - a +2 scimitar of flaming
 P - a +0 dagger
 Q - a +3 triple sword of holy wrath
 R - a +4 double sword of flaming (weapon)
Missiles
 T - 8 javelins of penetration (quivered)
Armour
 b - +0 pearl dragon scales (worn)
 c - a +0 shield (worn)
 t - a +2 cloak (worn)
 w - a +2 pair of gloves (worn)
 E - a +2 pair of boots of flying (worn)
 M - a +0 large shield
Jewellery
 d - a +3 ring of strength
 n - an uncursed ring of protection from magic
 o - an uncursed ring of poison resistance
 q - a ring of protection from cold (left hand)
 v - an uncursed amulet of regeneration
 y - the amulet of Ephemeral Luck (around neck) {Reflect Dex+4 SH+4}
   (You found it on level 14 of the Dungeon)

   [amulet of reflection]

   It shields you and reflects attacks.
   It affects your dexterity (+4).
   It affects your SH (+4).
 N - a +4 ring of protection
 V - a ring of protection from fire (right hand)
Wands
 e - a wand of polymorph (6)
 k - a wand of enslavement (3)
 m - a wand of random effects (38)
 x - a wand of flame (10)
 z - a wand of acid (8)
 F - a wand of paralysis (20)
 I - a wand of iceblast (27)
 L - a wand of digging (3)
 X - a wand of disintegration (11)
Scrolls
 g - 8 scrolls of magic mapping
 i - 13 scrolls of remove curse
 p - 4 scrolls of teleportation
 C - 2 scrolls of amnesia
 O - a scroll of fog
 S - 2 scrolls of fear
 W - 2 scrolls of silence
Potions
 a - a potion of mutation
 s - 6 potions of flight
 A - 2 potions of agility
 B - 4 potions of berserk rage
 D - 3 potions of curing
 G - 2 potions of resistance
 H - 2 potions of haste
 J - 4 potions of ambrosia
 U - 3 potions of might
Miscellaneous
 u - a lightning rod (4/4)
 K - a phial of floods
Comestibles
 f - 28 rations


   Skills:
 - Level 20.0 Fighting
 - Level 16.0 Long Blades
 - Level 16.2 Armour
 * Level 10.0 Dodging
 - Level 15.0 Shields
 + Level 13.3 Invocations
 - Level 10.0 Evocations


You had 14 spell levels left.
You knew the following spells:

 Your Spells              Type           Power        Failure   Level  Hunger
a - Ensorcelled Hibernat  Hex/Ice        #.....       85%         2    ###....
b - Corona                Hex            #......      71%         1    ##.....

Your spell library contained the following spells:

 Spells                   Type           Power        Failure   Level  Hunger
 Animate Skeleton         Necr           N/A          71%         1    ##.....
 Confusing Touch          Hex            #.....       71%         1    ##.....
 Infusion                 Chrm           #...         71%         1    ##.....
 Magic Dart               Conj           #...         71%         1    ##.....
 Pain                     Necr           #...         71%         1    ##.....
 Shock                    Conj/Air       #...         71%         1    ##.....
 Sting                    Conj/Pois      #...         71%         1    ##.....
 Blink                    Tloc           N/A          85%         2    ###....
 Call Imp                 Summ           #.......     85%         2    ###....
 Poisonous Vapours        Pois/Air       #.....       85%         2    ###....
 Shroud of Golubria       Chrm/Tloc      #.........   85%         2    ###....
 Slow                     Hex            #.......     85%         2    ###....
 Song of Slaying          Chrm           #.......     85%         2    ###....
 Swiftness                Chrm/Air       #.......     85%         2    ###....
 Confuse                  Hex            #.......     97%         3    ####...
 Conjure Flame            Conj/Fire      #.......     97%         3    ####...
 Dazzling Spray           Conj/Hex       #.....       97%         3    ####...
 Gell's Gravitas          Tloc           #.........   97%         3    ####...
 Mephitic Cloud           Conj/Pois/Air  #.......     97%         3    ####...
 Recall                   Summ/Tloc      N/A          97%         3    ####...
 Regeneration             Chrm/Necr      #.........   97%         3    ####...
 Spectral Weapon          Hex/Chrm       #.......     97%         3    ####...
 Static Discharge         Conj/Air       #.......     97%         3    ####...
 Tukima's Dance           Hex            #.......     97%         3    ####...
 Vampiric Draining        Necr           #.........   97%         3    ####...
 Airstrike                Air            #.........   100%        4    #####..
 Animate Dead             Necr           N/A          100%        4    #####..
 Ice Form                 Ice/Tmut       #.......     100%        4    #####..
 Olgreb's Toxic Radiance  Pois           #.......     100%        4    #####..
 Petrify                  Tmut/Erth      #.......     100%        4    #####..
 Summon Lightning Spire   Summ/Air       #.......     100%        4    #####..
 Aura of Abjuration       Summ           #.........   100%        5    ######.
 Irradiate                Conj/Tmut      #.........   100%        5    ######.
 Lightning Bolt           Conj/Air       #.........   100%        5    ######.
 Metabolic Englaciation   Hex/Ice        #.........   100%        5    ######.
 Silence                  Hex/Air        #.........   100%        5    ######.
 Summon Demon             Summ           #.........   100%        5    ######.
 Summon Forest            Summ/Tloc      #.........   100%        5    ######.
 Summon Mana Viper        Hex/Summ       #.......     100%        5    ######.
 Venom Bolt               Conj/Pois      #.........   100%        5    ######.
 Yara's Violent Unravell  Hex/Tmut       #.........   100%        5    ######.
 Bolt of Cold             Conj/Ice       #.........   100%        6    #######
 Conjure Ball Lightning   Conj/Air       #.........   100%        6    #######
 Deflect Missiles         Chrm/Air       #.........   100%        6    #######
 Freezing Cloud           Conj/Ice/Air   #.........   100%        6    #######
 Hydra Form               Tmut           #.........   100%        6    #######
 Ozocubu's Refrigeration  Ice            #.........   100%        6    #######
 Shadow Creatures         Summ           N/A          100%        6    #######
 Simulacrum               Ice/Necr       #.........   100%        6    #######
 Statue Form              Tmut/Erth      #........    100%        6    #######
 Dragon Form              Tmut           #.........   100%        7    #######
 Tornado                  Air            #.........   100%        9    #######


Dungeon Overview and Level Annotations

Branches:
Dungeon (15/15)            Temple (1/1) D:6            Lair (6/6) D:11
 Shoals (4/4) Lair:2       Spider (4/4) Lair:4        Slime (0/5) Lair:5
    Orc (2/2) D:9             Elf (0/3) Orc:2        Vaults (2/5) D:14
 Depths (0/5) D:15
  Crypt: Vaults:2-3

Altars:
Ashenzari
Cheibriados
Elyvilon
Fedhas
Gozag
Hepliaklqana
Kikubaaqudgha
Makhleb
Okawaru
Qazlal
Sif Muna
Uskayaw
Vehumet
Wu Jian
Xom
Yredelemnul
Zin
The Shining One
Jiyva

Shops:
D:7 ?   D:9 [   D:15 [   Orc:2 ([:*:

Portals:
Trove: D:14 (give +3 storm dragon scales)

Annotations:
D:10 2 exclusions
D:11 3 runed translucent doors, Noname's ghost, journeyman TeBe


Innate Abilities, Weirdness & Mutations

You reflexively headbutt those who attack you in melee.
You have a pair of horns on your head.


Message History

Things that are here:
a +0 dagger of flaming; a +1 hand axe of holy wrath You see here a +0 short sword.
Things that are here:
a cursed +0 plate armour; a +2 long sword of electrocution The titan waves its arms in wide circles.
The air twists around and strikes you!
Your green death hits the titan but does no damage.
The titan points at you and mumbles some strange words.
The bolt of lightning hits you!!
* * * LOW HITPOINT WARNING * * *
Your green death hits the titan but does no damage.
The titan waves its arms in wide circles.
The air twists around and strikes you!
* * * LOW HITPOINT WARNING * * *
Your green death hits the titan!!
You feel better.
The titan gestures at you while chanting.
The bolt of lightning hits you!!!
You die...

#))# #...(...((...........
#..# #(...................
#..# #...(......(.(.((...#
##..## #..(..#'###########.#
#....# #.(...#...........#.#
#....# #....[#(#.#.#.#.#.#.#
#....# #.(...#...........#.#
#....# #(....#.#.#.#.#.#.#.#
##....## #...@.#...........#.#
#......# #.....#.#(#.#.#.#.#.#
#......# #.....#..(........#..
#####''###.....#.#.#.#.#.#.#..
#..)...'.....#...........#..
#...[..#...C.#.#.#.#5#.#.#..
#......'...2.#...........#..
#......#....c#############..
#......#.....)..2..c........


You could see a titan, a yaktaur captain and a friendly green death.

Vanquished Creatures
  Frederick (Vaults:2)
  Agnes (Spider:3)
  A storm dragon (Vaults:2)
  Kirke (D:12)
  A frost giant (IceCv)
  A deep elf sorcerer (Vaults:1)
  2 orc warlords (Orc:2)
  3 emperor scorpions
  2 ghost moths
  A vault warden (Vaults:2)
  4 ironheart preservers
  2 entropy weavers
  Nessos (D:12)
  2 spark wasps (Spider:4)
  Azrael (Spider:1)
  3 merfolk javelineers
  3 fire dragons
  5 merfolk impalers
  3 ogre magi (Vaults:1)
  2 yaktaur captains (Vaults:2)
  A rakshasa (Vaults:2)
  6 hydras
  2 merfolk avatars
  Erica (D:10)
  3 death knights
  2 alligator snapping turtles
  2 satyrs
  19 two-headed ogres
  5 centaur warriors
  4 merfolk aquamancers
  4 death yaks
  Urug (Lair:4)
  3 orc high priests (Orc:2)
  3 deep troll shamans (Vaults:2)
  3 deep elf knights
  Sonja (Lair:4)
  3 deep trolls (Vaults:2)
  4 skeletal warriors (D:15)
  A flayed ghost (Vaults:1)
  4 ironbrand convokers
  A wolf spider zombie (D:15)
  9 sea snakes
  A deep elf archer (Vaults:1)
  2 phantasmal warriors (D:12)
  A wizard (Vaults:1)
  8 orc knights
  18 harpies
  A lindwurm (Lair:6)
  A harpy (shapeshifter) (D:14)
  13 orb spiders
  4 fauns (Shoals:2)
  17 ugly things
  24 wolf spiders
  5 orc sorcerers
  4 deep elf magi
  7 cyclopes
  13 manticores
  Maurice (Orc:2)
  A water nymph (shapeshifter) (Vaults:1)
  4 moths of wrath
  A black mamba (Lair:6)
  13 water nymphs
  8 merfolk sirens
  3 centaur zombies
  A vault sentinel (Vaults:1)
  18 spiny frogs
  2 torpor snails
  A rime drake (IceCv)
  2 efreet (D:14)
  5 komodo dragons
  A kobold demonologist (D:12)
  4 yaktaurs
  3 freezing wraiths
  9 demonic crawlers
  A redback zombie (D:14)
  22 merfolk
  22 polar bears
  29 jumping spiders
  A meliai (shapeshifter) (D:13)
  9 trolls
  Grinder (D:3)
  4 wind drakes
  12 slime creatures
  14 hornets
  A raiju (shapeshifter) (D:13)
  8 dream sheep
  17 blink frogs
  A stone giant simulacrum (Vaults:1)
  14 hippogriffs
  A hippogriff (shapeshifter) (Vaults:2)
  13 snapping turtles
  3 shadows
  41 redbacks
  10 spriggans (Lair:6)
  4 wraiths
  Sigmund (D:2)
  A vampire (D:14)
  23 tarantellas
  4 water elementals
  3 wyverns
  3 basilisks
  28 yaks
  A steam dragon (Lair:4)
  4 vampire mosquitoes (D:14)
  2 fire elementals
  16 humans (D:13)
  3 hungry ghosts
  3 wargs (Orc:2)
  3 hell hounds (Spider:1)
  2 soldier ants
  An acid dragon (Vaults:1)
  6 porcupines
  10 water moccasins
  A hornet zombie (D:14)
  4 sky beasts
  2 black bears (Lair:6)
  An eye of draining (D:5)
  13 ice beasts
  34 orc warriors
  18 ogres
  10 boggarts
  6 phantoms
  A necrophage (D:8)
  36 wolves
  18 centaurs
  18 crocodiles
  An elf simulacrum (Vaults:1)
  2 big kobolds (D:12)
  13 bullfrogs
  Blork the orc (D:5)
  A gnoll sergeant (D:9)
  An ogre simulacrum (Vaults:1)
  A wyvern zombie (D:10)
  A hornet simulacrum (D:14)
  5 killer bees (D:10)
  A human simulacrum (Vaults:1)
  4 electric eels
  10 wights
  4 howler monkeys
  3 spriggan skeletons (D:13)
  11 crimson imps
  2 bullfrog zombies
  A quasit (D:13)
  8 centaur skeletons
  27 orc priests
  A gnoll shaman (D:7)
  10 hounds
  6 jellies
  26 orc wizards
  3 bullfrog skeletons
  3 iguanas
  19 worker ants
  A killer bee zombie (D:5)
  19 gnolls
  A howler monkey skeleton (D:6)
  10 adders
  2 shadow imps
  An ooze (D:5)
  An adder zombie (D:8)
  4 adder skeletons
  A worm (D:2)
  A dart slug (D:4)
  2 leopard geckos
  85 orcs
  3 ball pythons
  5 giant cockroaches
  13 goblins
  5 hobgoblins
  14 jackals
  16 kobolds
  2 quokkas
  13 bats
  A frilled lizard (D:3)
  A jackal skeleton (D:5)
  A quokka zombie (D:8)
  4 rats
  A plant (Shoals:1)
  5 tentacles
1199 creatures vanquished.

Vanquished Creatures (collateral kills)
  Arachne (Spider:3)
  Rupert (Lair:4)
  A kraken (Shoals:3)
  An ironheart preserver (Vaults:2)
  A merfolk impaler (Shoals:3)
  A merfolk avatar (Shoals:3)
  A two-headed ogre (Vaults:1)
  A centaur warrior (Vaults:1)
  2 ogre magi (Vaults:1)
  A glowing orange brain (Vaults:1)
  3 deep trolls (Vaults:2)
  An orc knight (Orc:2)
  An ugly thing (D:15)
  An orb spider (Spider:4)
  2 manticores
  A vault sentinel (Vaults:2)
  A yaktaur (Vaults:1)
  A freezing wraith (Vaults:1)
  3 jumping spiders (Lair:4)
  A polar bear (Lair:6)
  A wind drake (Shoals:3)
  6 merfolk
  A dream sheep (Shoals:1)
  A snapping turtle (Shoals:3)
  2 spriggans (Lair:6)
  A basilisk (D:13)
  An acid dragon (Vaults:1)
  A hell hound (Spider:1)
  5 orc warriors (Orc:2)
  A black bear (Lair:6)
  A boggart (Lair:6)
  A wolf (Lair:6)
  3 centaurs
  An orc priest (Orc:2)
  3 orc wizards (Orc:2)
  13 orcs
  A fungus (Lair:4)
  A tentacle (Shoals:3)
70 creatures vanquished.

Vanquished Creatures (others)
  A merfolk javelineer (Shoals:3)
  A yaktaur (Vaults:1)
  A water elemental (Shoals:1)
  A yak (IceCv)
  6 humans (D:12)
  A boggart (Lair:6)
  3 centaurs (Vaults:2)
  An orc priest (Orc:2)
  An orc wizard (Orc:2)
  3 orcs
  5 fungi
  6 plants
  28 tentacles
58 creatures vanquished.

Grand Total: 1327 creatures vanquished

Notes
Turn   | Place    | Note
-------+----------+-------------------------------------------
     0 | D:1      | marthius the Minotaur Fighter began the quest for the Orb.
     0 | D:1      | Reached XP level 1. HP: 19/19 MP: 0/0
    79 | D:1      | You fall through a shaft!
   193 | D:2      | Noticed Sigmund
   208 | D:2      | Reached XP level 2. HP: 27/27 MP: 1/1
   329 | D:1      | Reached skill level 4 in Fighting
   557 | D:1      | Reached XP level 3. HP: 33/33 MP: 2/2
  1366 | D:2      | Reached XP level 4. HP: 37/41 MP: 3/3
  1570 | D:3      | Noticed Grinder
  1627 | D:2      | Killed Sigmund
  1627 | D:2      | Reached skill level 5 in Fighting
  1627 | D:2      | Reached skill level 5 in Armour
  1627 | D:2      | Reached XP level 5. HP: 38/48 MP: 4/4
  2238 | D:2      | Found a glowing golden altar of the Shining One.
  2371 | D:3      | Found a radiant altar of Vehumet.
  2389 | D:3      | Paralysed by Grinder for 5 turns
  2399 | D:3      | Killed Grinder
  2399 | D:3      | Reached skill level 6 in Fighting
  2399 | D:3      | Reached skill level 5 in Long Blades
  2399 | D:3      | Reached XP level 6. HP: 49/57 MP: 5/5
  3065 | D:3      | Found an opulent altar of Gozag.
  3419 | D:3      | Reached XP level 7. HP: 63/63 MP: 6/6
  4490 | D:5      | Entered Level 5 of the Dungeon
  4511 | D:5      | Reached skill level 7 in Fighting
  4514 | D:5      | Found a shattered altar of Ashenzari.
  4543 | D:5      | Noticed Blork the orc
  4544 | D:5      | Reached XP level 8. HP: 73/73 MP: 0/7
  4558 | D:5      | Killed Blork the orc
  4706 | D:5      | Found an ornate altar of the Wu Jian Council.
  4916 | D:5      | Reached skill level 8 in Fighting
  5740 | D:6      | Found a blossoming altar of Fedhas.
  5794 | D:6      | Found a staircase to the Ecumenical Temple.
  5800 | Temple   | Entered the Ecumenical Temple
  5807 | Temple   | Became a worshipper of Makhleb the Destroyer
  6046 | D:6      | Reached skill level 9 in Fighting
  6046 | D:6      | Reached XP level 9. HP: 57/83 MP: 8/8
  6776 | D:7      | Reached * piety under Makhleb
  6794 | D:7      | Reached skill level 5 in Shields
  6835 | D:7      | Reached skill level 10 in Fighting
  7213 | D:7      | Reached skill level 10 in Long Blades
  7327 | D:7      | Found a shimmering altar of Xom.
  7327 | D:7      | Found a shimmering altar of Xom.
  7327 | D:7      | Found a shimmering altar of Xom.
  7332 | D:7      | Found a shimmering altar of Xom.
  7380 | D:7      | Found Rafasobb's Magic Scroll Shop.
  7387 | D:7      | Bought 3 scrolls of identify for 66 gold pieces
  7387 | D:7      | Bought a scroll of identify for 22 gold pieces
  7387 | D:7      | Bought a scroll of identify for 22 gold pieces
  7593 | D:7      | Noticed a moth of wrath
  7593 | D:7      | Noticed a fire crab
  7742 | D:8      | Reached XP level 10. HP: 89/94 MP: 9/9
  7746 | D:8      | Reached ** piety under Makhleb
  7926 | D:8      | Noticed a two-headed ogre
  8164 | D:10     | Entered Level 10 of the Dungeon
  8249 | D:9      | Reached skill level 11 in Fighting
  8373 | D:9      | Found Jutwel's Armour Emporium.
  8373 | D:9      | Found a staircase to the Orcish Mines.
  8471 | D:9      | Reached *** piety under Makhleb
  8634 | D:9      | Bought a +2 pair of gloves for 247 gold pieces
  8664 | D:9      | Noticed a two-headed ogre
  8977 | D:10     | Noticed Erica
  9020 | D:10     | Killed Erica
  9642 | D:10     | Learned a level 2 spell: Ensorcelled Hibernation
  9717 | D:10     | Reached **** piety under Makhleb
  9913 | D:10     | Noticed a tengu warrior
  9919 | D:10     | Noticed a tengu warrior
 10097 | D:9      | Killed a two-headed ogre
 10097 | D:9      | Reached skill level 12 in Fighting
 10097 | D:9      | Reached XP level 11. HP: 104/104 MP: 10/10
 10223 | D:9      | Found a stormy altar of Qazlal.
 10223 | D:9      | Found an ancient bone altar of Kikubaaqudgha.
 10616 | D:11     | Found a frozen archway.
 10662 | IceCv    | Entered an ice cave
 10991 | IceCv    | Reached skill level 10 in Shields
 11032 | IceCv    | Noticed a death yak
 11047 | IceCv    | Killed a death yak
 11052 | IceCv    | Reached skill level 13 in Fighting
 11221 | IceCv    | Noticed a death yak
 11221 | IceCv    | Noticed a death yak
 11221 | IceCv    | Noticed a frost giant
 11243 | IceCv    | Killed a death yak
 11268 | IceCv    | Killed a frost giant
 11268 | IceCv    | Reached XP level 12. HP: 79/115 MP: 11/11
 11276 | IceCv    | Killed a death yak
 11345 | IceCv    | Got a scorched platinum amulet
 11360 | IceCv    | Identified the amulet "Iluehune" {RegenMP rN+ MR- Dex+6
                  | Stlth+} (You found it in an ice cave)
 11756 | D:11     | Found a staircase to the Lair.
 11772 | D:11     | Reached skill level 14 in Fighting
 11935 | D:11     | Noticed Noname's ghost (journeyman TeBe)
 11936 | D:11     | Found a runed translucent gate.
 11936 | D:11     | Noticed a nine-headed hydra
 11937 | D:11     | Found a runed translucent gate.
 11937 | D:11     | Found a runed translucent gate.
 12188 | D:11     | Found a stormy altar of Qazlal.
 13003 | Lair:1   | Entered Level 1 of the Lair of Beasts
 13016 | Lair:1   | Reached skill level 1 in Invocations
 13431 | Lair:1   | Noticed an eight-headed hydra
 13442 | Lair:1   | Killed a two-headed hydra
 13442 | Lair:1   | Reached skill level 1 in Evocations
 13981 | Lair:2   | Found a staircase to the Shoals.
 14692 | Lair:3   | Reached skill level 15 in Fighting
 14708 | Lair:3   | Reached XP level 13. HP: 126/126 MP: 15/15
 14869 | Lair:3   | Reached ***** piety under Makhleb
 15016 | Lair:3   | Reached skill level 5 in Invocations
 15508 | Lair:3   | Learned a level 1 spell: Corona
 15679 | Lair:4   | Noticed Sonja
 15718 | Lair:4   | Killed Sonja
 15920 | Lair:4   | Noticed Rupert
 16106 | Orc:1    | Entered Level 1 of the Orcish Mines
 16190 | Orc:1    | Reached skill level 5 in Evocations
 16492 | Orc:2    | Entered Level 2 of the Orcish Mines
 17041 | Orc:2    | Noticed an orc warlord
 17591 | D:12     | Noticed Kirke
 17605 | D:12     | Noticed a sphinx
 17610 | D:12     | Killed Kirke
 17616 | D:12     | Reached skill level 16 in Fighting
 17930 | D:12     | Noticed Nessos
 17941 | D:12     | Killed Nessos
 18396 | Lair:4   | Paralysed by Rupert for 6 turns
 18405 | Lair:4   | Killed Rupert
 18431 | Lair:4   | Noticed Urug
 18433 | Lair:4   | Found a hole to the Spider Nest.
 18443 | Lair:4   | Killed Urug
 19001 | Lair:5   | Found a staircase to the Slime Pits.
 19001 | Lair:5   | Found a viscous altar of Jiyva.
 19209 | Lair:5   | Reached XP level 14. HP: 138/138 MP: 18/18
 19213 | Lair:5   | Reached skill level 10 in Armour
 19812 | Lair:6   | Entered Level 6 of the Lair of Beasts
 19843 | Lair:6   | Reached skill level 17 in Fighting
 20193 | Lair:6   | Paralysed by a hornet for 2 turns
 20255 | Lair:6   | Reached skill level 15 in Long Blades
 21497 | Orc:2    | Killed an orc warlord
 21556 | Orc:2    | Found a staircase to the Elven Halls.
 21786 | Orc:2    | Noticed an orc warlord
 21857 | Orc:2    | Killed an orc warlord
 21982 | Orc:2    | Found Binto's Book Shop.
 22015 | Orc:2    | Paralysed by an orc sorcerer for 5 turns
 22137 | Orc:2    | Paralysed by an orc sorcerer for 6 turns
 22298 | Orc:2    | Noticed Maurice
 22314 | Orc:2    | Killed Maurice
 22458 | Orc:2    | Found Kuhagrat's General Store.
 22459 | Orc:2    | Found Wuolon's Book Shop.
 22461 | Orc:2    | Found Ufoofamp's Antique Armour Shop.
 22461 | Orc:2    | Found Kyvoshen's Antique Weapon Boutique.
 22478 | Orc:2    | Bought a pair of embroidered boots for 225 gold pieces
 23063 | D:13     | Reached skill level 18 in Fighting
 23457 | D:13     | Reached XP level 15. HP: 149/149 MP: 19/19
 24082 | D:14     | Found a gate to the Vaults.
 24277 | Spider:1 | Entered Level 1 of the Spider Nest
 25038 | Spider:2 | Noticed Azrael
 25494 | Spider:1 | Killed a ghost moth
 25850 | Spider:1 | Killed Azrael
 27091 | Spider:3 | Noticed Arachne
 27109 | Spider:3 | Killed Arachne
 27109 | Spider:3 | Reached skill level 19 in Fighting
 27438 | Spider:3 | Noticed Agnes
 27453 | Spider:3 | Killed Agnes
 27896 | Spider:4 | Entered Level 4 of the Spider Nest
 28090 | Spider:4 | Reached XP level 16. HP: 160/160 MP: 22/22
 28513 | Spider:4 | Reached skill level 15 in Shields
 29279 | Spider:4 | Got a gossamer rune of Zot
 30009 | D:13     | Reached ****** piety under Makhleb
 30276 | D:14     | Found a portal to a secret trove of treasure.
 30574 | D:14     | Reached skill level 20 in Fighting
 30603 | D:14     | Got a steaming copper amulet
 31017 | D:15     | Entered Level 15 of the Dungeon
 31270 | D:15     | Found Reuwuto's Armour Emporium.
 31900 | D:15     | Found a staircase to the Depths.
 32120 | Shoals:1 | Entered Level 1 of the Shoals
 32150 | Shoals:1 | Identified the amulet of Ephemeral Luck {Reflect Dex+4
                  | SH+4} (You found it on level 14 of the Dungeon)
 32475 | Shoals:1 | Noticed a kraken
 32644 | Shoals:1 | Reached XP level 17. HP: 121/170 MP: 23/23
 33667 | Shoals:2 | Reached skill level 10 in Invocations
 33718 | Shoals:2 | Noticed a kraken
 35168 | Shoals:3 | Reached skill level 15 in Armour
 35513 | Shoals:3 | Got a spiked scale mail
 35614 | Shoals:3 | Identified the +1 scale mail "Cuuvvofa" {rF+} (You found it
                  | on level 3 of the Shoals)
 35666 | Shoals:3 | Reached skill level 10 in Evocations
 35676 | Shoals:3 | Noticed a kraken
 35846 | Shoals:3 | Killed a kraken
 36189 | Shoals:4 | Entered Level 4 of the Shoals
 37511 | Shoals:4 | Noticed a kraken
 37605 | Shoals:4 | Identified the ring "Nuepp" {*Contam *Drain rF+ rN+ Int+8}
 38012 | Shoals:4 | Got a barnacled rune of Zot
 38064 | Shoals:4 | HP: 8/170 [poisoned by a merfolk impaler]
 38623 | Vaults:1 | Entered Level 1 of the Vaults
 39179 | Vaults:1 | You are sucked into a shaft!
 39275 | Vaults:2 | Reached skill level 1 in Dodging
 39414 | Vaults:2 | Reached XP level 18. HP: 99/178 MP: 26/26
 39961 | Vaults:2 | Reached skill level 5 in Dodging
 42618 | Vaults:2 | Noticed Frederick
 42632 | Vaults:2 | Killed Frederick
 42635 | Vaults:2 | Reached skill level 10 in Dodging
 42821 | Vaults:1 | Killed from afar by a titan

Skill      XL: |  1  2  3  4  5  6  7  8  9 10 11 12 13 14 15 16 17 18 |
---------------+-------------------------------------------------------+-----
Fighting       | 4 5 6 7 9 10 12 13 15 16 18 19 20 | 20.0
Armour         | 4 5 6 7 8 9 11 13 16 | 16.2
Long Blades    | 3 4 5 6 8 10 11 13 14 16 | 16.0
Shields        | 6 9 11 12 14 15 | 15.0
Invocations    | 4 5 9 12 13 | 13.3
Evocations     | 3 7 9 10 | 10.0
Dodging        | 2 10 | 10.0

Action                   |  1- 3 |  4- 6 |  7- 9 | 10-12 | 13-15 | 16-18 || total
-------------------------+-------+-------+-------+-------+-------+-------++-------
Melee: Long sword        |    86 |   104 |   262 |       |       |       ||   452
       Headbutt          |    17 |    16 |    97 |   179 |   415 |   412 ||  1136
       Scimitar          |       |       |   165 |   716 |   437 |       ||  1318
       Double sword      |       |       |       |       |  1105 |  1457 ||  2562
Throw: Javelin           |       |     1 |       |     3 |     4 |       ||     8
Invok: Lesser Servant of |       |       |       |     4 |    50 |    49 ||   103
       Greater Servant o |       |       |       |       |       |     5 ||     5
 Abil: Stop Flying       |       |       |       |       |     1 |     1 ||     2
       Evoke Flight      |       |       |       |       |     1 |       ||     1
Evoke: Wand              |       |       |       |     3 |    25 |    10 ||    38
       Phial of floods   |       |       |       |       |     3 |     1 ||     4
       Lightning rod     |       |       |       |       |     1 |     4 ||     5
       Box of beasts     |       |       |       |       |       |     1 ||     1
  Use: Scroll            |     2 |     1 |    15 |     5 |    19 |    25 ||    67
       Potion            |       |     3 |     2 |     7 |    12 |    16 ||    40
 Stab: Paralysed         |       |       |       |     3 |    20 |    12 ||    35
       Distracted        |       |       |       |       |     9 |    10 ||    19
       Held in net/web   |       |       |       |       |     1 |     2 ||     3
       Invisible         |       |       |       |       |       |     2 ||     2
  Eat: Chunk             |     1 |     7 |     8 |    19 |    16 |    23 ||    74
       Ration            |       |       |     2 |     1 |     9 |     7 ||    19
Armor: Scale mail        |    52 |    27 |    41 |       |       |       ||   120
       Skin              |       |     3 |       |       |       |       ||     3
       Chain mail        |       |       |    36 |       |       |       ||    36
       Plate armour      |       |       |    89 |   306 |  1108 |   734 ||  2237
       Pearl dragon scal |       |       |       |       |       |    61 ||    61
Dodge: Dodged            |    31 |    27 |    76 |   124 |   509 |   427 ||  1194
Block: Shield            |    52 |    48 |   211 |   357 |  1075 |  1256 ||  2999
       Reflection        |       |       |       |       |       |   113 ||   113
       Rpst.: Long sword |     9 |     6 |    16 |       |       |       ||    31
       Scimitar          |       |       |     5 |    24 |    18 |       ||    47
       Double sword      |       |       |       |       |    73 |    80 ||   153
